 Dungeon Crawl Stone Soup version 0.28-a0-915-gcd63401287 (webtiles) character file.

Game seed: 12997217026568149462

21 mcbry74 the Insei (level 2, -6/16 (21) HPs)
             Began as a Merfolk Transmuter on Nov 25, 2021.
             Killed from afar by Sigmund (7 damage)
             ... with a magic dart
             ... on level 2 of the Dungeon.
             The game lasted 00:03:52 (1402 turns).

mcbry74 the Insei (Merfolk Transmuter)              Turns: 1402, Time: 00:03:53

HP:   -6/16 (21)    AC:  2    Str: 10    XL:     2   Next: 87%
MP:   5/5           EV: 12    Int: 12    God:
Gold: 48            SH:  0    Dex: 14    Spells: 4/5 levels left

rFire   . . .      SeeInvis .     - Unarmed
rCold   . . .      Faith    .   (no shield)
rNeg    . . .      Spirit   .   a - +0 robe
rPois   .          Reflect  .   (no helmet)
rElec   .          Harm     .   (no cloak)
rCorr   .          Rampage  .   (no gloves)
Will    .....                   (no boots)
Stlth   +.........              (no amulet)
HPRegen 0.05/turn               (no ring)
MPRegen 0.09/turn               (no ring)

@: heavily drained
A: (nimble swimmer 2), mertail
a: no special abilities


You were on level 2 of the Dungeon.
You visited 1 branch of the dungeon, and saw 2 of its levels.

You collected 48 gold pieces.

Inventory:

Missiles
 h - 52 stones
Armour
 a - a +0 robe (worn)
Scrolls
 b - 5 scrolls of identify {unknown}
 e - a scroll of enchant armour {unknown}
 g - a scroll of holy word {unknown}
Potions
 c - a potion of curing {unknown}
 d - a potion of degeneration {unknown}
 f - a potion of resistance {unknown}


   Skills:
 - Level 1.1 Fighting
 - Level 2.6 Dodging
 + Level 4.4 Unarmed Combat
 - Level 2.0 Spellcasting
 - Level 2.6 Transmutations


You had 4 spell levels left.
You knew the following spells:

 Your Spells              Type           Power      Damage    Failure   Level
a - Beastly Appendage     Tmut           14%        N/A       9%          1

Your spell library contained the following spells:

 Spells                   Type           Power      Damage    Failure   Level
 Wereblood                Tmut           7%         N/A       14%         2
 Spider Form              Tmut/Pois      4%         N/A       43%         3
 Ignite Poison            Fire/Tmut/Pois 3%         N/A       50%         3
 Conjure Flame            Conj/Fire      1%         6-21      63%         3
 Ice Form                 Ice/Tmut       4%         N/A       83%         4
 Sticky Flame             Conj/Fire      1%         2d3       95%         4


Dungeon Overview and Level Annotations

Branches:
Dungeon (2/15)

Altars:

Annotations:
D:2 Sigmund


Innate Abilities, Weirdness & Mutations

((You are quick and stealthy near water. (Stealth+, EV+, Speed+++)))
Your lower body shifts to a powerful aquatic tail in water.


Message History

You see here a rat corpse.
You start resting.
HP restored.
Things that are here:
a +0 club; a goblin corpse
There is a stone staircase leading down here.
You climb downwards.
Found 12 gold pieces and 19 arrows.
There is a stone staircase leading up here.
Found a scroll labelled UMELES BIOSTRY.
The endoplasm quivers.
The endoplasm jiggles.
You see here 12 gold pieces.
You now have 48 gold pieces (gained 12).
You hit the endoplasm.
The endoplasm is moderately wounded.
The endoplasm barely misses you.
You barely miss the endoplasm.
The endoplasm is moderately wounded.
You hit the endoplasm. You punch the endoplasm.
You kill the endoplasm!
Sigmund the Dreaded comes into view.
He is wielding a +1 scythe of distortion.
Found 10 stones.
Sigmund shouts!
Sigmund giggles. "Time to reap what you sow."
Sigmund casts a spell at you.
You are confused.
Found a glowing blue potion.
Sigmund hits you with a +1 scythe of distortion!
Ouch! That really hurt!
Space warps around you.
* * * LOW HITPOINT WARNING * * *
You feel less confused. Sigmund barely misses you.
Sigmund casts a spell at you.
You are confused.
Sigmund is suddenly surrounded by pale red light.
You feel less confused.
Sigmund points at you and mumbles some strange words.
The magic dart hits you!
You die...

.... .. ...# #
#.#####.##########
#.#................#
###.#..#.............#
.......#............(+
#....#.............#
#....##............#
#....<@...@..?.......
##...##..............
.......
+..............
####.##
#..............
.(.................!.
#.# ###...............
... #.............. .#
#..............
#............


You could see Sigmund.

Vanquished Creatures
  2 dart slugs (D:1)
  A ball python (D:1)
  4 endoplasms
  4 goblins (D:1)
  2 hobgoblins (D:1)
  A rat (D:1)
14 creatures vanquished.

Vanquished Creatures (others)
  5 toadstools (D:1)
5 creatures vanquished.

Grand Total: 19 creatures vanquished

Notes
Turn   | Place    | Note
-------+----------+-------------------------------------------
     0 | D:1      | mcbry74 the Merfolk Transmuter began the quest for the Orb.
     0 | D:1      | Reached XP level 1. HP: 15/15 MP: 3/3
   215 | D:1      | Reached XP level 2. HP: 5/21 MP: 5/5
   489 | D:1      | Reached skill level 4 in Unarmed Combat
  1389 | D:2      | Noticed Sigmund
  1402 | D:2      | Killed from afar by Sigmund

Illustrated notes

Levels and vault maps discovered:
D:1:      ldierk_walled_garden, layout_rooms
D:2:      layout_basic, basic_altar, uniq_sigmund

Skill      XL: |  1  2 |
---------------+-------+-----
Unarmed Combat | 4 |  4.4
Fighting       | |  1.1
Dodging        | |  2.6
Spellcasting   | |  2.0
Transmutations | |  2.6

Action                   || total
-------------------------++-------
Melee: Unarmed           ||    59
       Punch             ||     1
 Stab: Distracted        ||     1
Armor: Robe              ||     4
Dodge: Dodged            ||    15

Table legend: (Time is in decaauts)
 A = Elapsed time spent in this place.
 B = Non-inter-level travel time spent in this place.
 C = Inter-level travel time spent in this place.
 D = Time resting spent in this place.
 E = Time spent auto-exploring this place.
 F = Levels seen in this place.
 G = Mean time per level.
                   A        B        C        D        E       F      G
               +--------+--------+--------+--------+--------+-----+--------+
         Total |   1395 |   1385 |     10 |    828 |    170 |   2 |  697.5 |
       Dungeon |   1395 |   1385 |     10 |    828 |    170 |   2 |  697.5 |
               +--------+--------+--------+--------+--------+-----+--------+

Top non-repeatable levels by time:
     D:1: 1373 daAuts
     D:2: 22 daAuts
